 Dungeon Crawl Stone Soup version 0.19.5 (webtiles) character file.

143 Mesmaeker13 the Conjurer (level 5, 0/28 HPs)
             Began as a Deep Elf Conjurer on Apr 7, 2017.
             Killed from afar by Sigmund (11 damage)
             ... with a magic dart
             ... on level 3 of the Dungeon.
             The game lasted 00:04:48 (2632 turns).

Mesmaeker13 the Conjurer (Deep Elf Conjurer)        Turns: 2632, Time: 00:04:49

Health: 0/28       AC:  2    Str:  6    XL:     5   Next: 4%
Magic:  7/11       EV: 15    Int: 25    God:
Gold:   44         SH:  0    Dex: 20    Spells: 3 memorised, 4 levels left

rFire  . . .     SeeInvis .     d - +0 short sword
rCold  . . .     Gourm    .     a - +0 robe
rNeg   . . .     Faith    .     (no shield)
rPois  .         Spirit   .     (no helmet)
rElec  .         Reflect  .     (no cloak)
rCorr  +         Harm     .     (no gloves)
MR     .....                    (no boots)
Stlth  ++........               (no amulet)
                                o - ring of resist corrosion
                                e - +5 ring of dexterity

@: brilliant, lethally poisoned (0 -> -7)
A: no striking features
a: no special abilities


You were on level 3 of the Dungeon.
You were not hungry.

You visited 1 branch of the dungeon, and saw 3 of its levels.

You collected 44 gold pieces.

Inventory:

Hand Weapons
 d - a +0 short sword (weapon)
 r - a +0 trident of venom
Armour
 a - a +0 robe (worn)
Jewellery
 e - a +5 ring of dexterity (left hand)
 o - a ring of resist corrosion (right hand)
Wands
 s - a wand of flame (21/48)
Scrolls
 g - a scroll of enchant armour {unknown}
 h - 2 scrolls of immolation
 j - 3 scrolls of remove curse
 l - a scroll of teleportation {unknown}
Potions
 k - a potion of flight
Books
 b - a book of Conjurations

   Spells                             Type                      Level
   a - Magic Dart                     Conjuration                  1
   b - Searing Ray                    Conjuration                  2
   c - Dazzling Spray                 Conjuration/Hexes            3
   d - Fulminant Prism                Conjuration/Hexes            4
   e - Iskenderun's Mystic Blast      Conjuration                  4
   f - Iskenderun's Battlesphere      Conjuration/Charms           5
Comestibles
 c - 5 bread rations
 f - 3 fruits
 p - a meat ration


   Skills:
 - Level 0.1 Fighting
 + Level 4.3 Dodging
 - Level 2.4 Stealth
 - Level 3.0 Spellcasting
 + Level 5.8 Conjurations
 + Level 1.6 Hexes


You had 4 spell levels left.
You knew the following spells:

 Your Spells              Type           Power        Failure   Level  Hunger
a - Magic Dart            Conj           ####         1%          1    None
b - Searing Ray           Conj           #####.       1%          2    ##.....
c - Dazzling Spray        Conj/Hex       #####.       1%          3    ###....


Dungeon Overview and Level Annotations

Branches:
Dungeon (3/15)

Altars:

Annotations:
D:3 Sigmund


Message History

You are poisoned.
The searing ray hits something.
You finish channeling your searing ray.
You feel sick.
A magic dart appears from out of thin air!
The magic dart hits you!
An adder comes into view.
You feel sick.
A magic dart appears from out of thin air!
The magic dart hits you!
You feel better. Something hits you.
You are poisoned.
You feel sick.
You feel sick.
You feel sick.
Okay, then.
You feel sick.
You feel sick.
A magic dart appears from out of thin air!
The magic dart hits you!
You die...

.....####.#
..........#####
............#
..###....# #.#
......#.## #{#
#.....<..# #.#
#..#####.## #.#
#..###.#####
#......@...#
#..#######.#
####..# #.#
......# #.#
#.......# #.#
#.##....# #.#
#. #.#....# #.#
#.#
#.....#######.#
#.#
#............#


There were no monsters in sight!

Vanquished Creatures
  Jessica (D:3)
  4 gnolls (D:2)
  2 adders (D:2)
  An ooze (D:3)
  2 worms (D:2)
  A dart slug (D:1)
  3 leopard geckos (D:2)
  2 orcs (D:3)
  2 bats
  3 giant cockroaches
  4 goblins
  4 hobgoblins
  3 jackals (D:1)
  9 frilled lizards
  3 kobolds (D:1)
  3 rats
47 creatures vanquished.

Notes
Turn   | Place    | Note
-------+----------+-------------------------------------------
     0 | D:1      | Mesmaeker13 the Deep Elf Conjurer began the quest for the Orb.
     0 | D:1      | Reached XP level 1. HP: 10/10 MP: 6/6
   208 | D:1      | Reached XP level 2. HP: 15/15 MP: 5/8
   286 | D:1      | Reached skill level 5 in Conjurations
   557 | D:2      | Learned a level 2 spell: Searing Ray
   642 | D:2      | Reached XP level 3. HP: 19/19 MP: 1/9
  1418 | D:2      | Reached XP level 4. HP: 24/24 MP: 5/10
  1821 | D:2      | Learned a level 3 spell: Dazzling Spray
  2329 | D:3      | Noticed Jessica
  2340 | D:3      | Killed Jessica
  2340 | D:3      | Reached skill level 1 in Hexes
  2507 | D:3      | Reached XP level 5. HP: 28/28 MP: 8/11
  2552 | D:3      | Noticed Sigmund
  2632 | D:3      | Killed from afar by Sigmund

Skill      XL: |  1  2  3  4 |
---------------+-------------+-----
Conjurations   | 5 |  5.8
Dodging        | 3 4 |  4.3
Hexes          | 1 |  1.6
Fighting       | |  0.1
Stealth        | |  2.4
Spellcasting   | |  3.0

Action                   |  1- 3 |  4- 6 || total
-------------------------+-------+-------++-------
Melee: Short sword       |     8 |     2 ||    10
 Cast: Magic Dart        |    46 |    24 ||    70
       Searing Ray       |     4 |     4 ||     8
  Use: Scroll            |       |     4 ||     4
       Potion            |       |     3 ||     3
  Eat: Chunk             |     1 |     4 ||     5
Armor: Robe              |     1 |       ||     1
Dodge: Dodged            |    18 |     7 ||    25
